Map: Persephone LE

Players

Robal - Winner!

  • Race: Terran Terran
  • League: Platinum
  • Spawn Location: 7:00

Sindyr

  • Race: Terran Terran
  • League: Master
  • Spawn Location: 11:00

VOD

Have the link to the VOD?

Description

Time

  • Played on: Oct. 10, 2025, 1:12 p.m.
  • Length: 9:09
Show
View Real Time Build Order
Export as new Build Order

Robal Terran - Winner!

Build Orders: Cyclone Opening 

Get SALT Encoding   

  12  0:00  SCV  
  13  0:21  Supply Depot  
  13  0:25  SCV  
  14  0:31  Refinery  
  14  0:37  SCV  
  15  0:45  Barracks  
  15  0:49  SCV  
  16  0:58  Refinery  
  16  1:02  SCV  
  17  1:14  SCV  
  18  1:26  SCV  
  19  1:38  SCV  
  19  1:39  Reaper  
  21  1:40  Factory  
  21  1:52  Supply Depot  
  21  1:55  Orbital Command  
  21  2:11  Reaper  
  22  2:27  SCV  
  22  2:28  Factory Tech Lab  
  23  2:45  Command Center  
  23  2:48  Cyclone  
  26  2:52  SCV  
  27  3:08  Starport  
  27  3:20  Siege Tank  
  30  3:31  SCV, Barracks  
  30  3:32  Barracks  
  31  3:37  Supply Depot  
  31  3:56  SCV  
  31  3:57  Supply Depot  
  32  4:09  SCV  
  33  4:21  SCV  
  34  4:34  Marine  
  34  4:37  Starport Reactor  
  35  4:39  Barracks Tech Lab  
  35  4:50  SCV x2  
  35  4:52  Marine  
  38  5:02  SCV  
  38  5:03  SCV  
  40  5:09  Marine  
  40  5:14  SCV  
  40  5:15  SCV  
  42  5:27  SCV x2, Marine  
  45  5:39  SCV x2  
  47  5:45  Siege Tank, Marine  
  51  5:51  Viking x2  
  55  5:59  Command Center  
  55  6:00  Engineering Bay  
  55  6:02  Engineering Bay  
  55  6:03  Marine  
  54  6:17  Siege Tank, Marauder  
  59  6:21  Marine, Viking  
  62  6:36  Supply Depot  
  62  6:38  Supply Depot  
  62  6:39  Orbital Command, Refinery x2  
  62  6:41  Marine  
  62  6:57  Marine  
  62  6:58  Marauder, Hellion, Marine  
  66  7:15  Marine  
  67  7:19  Marine, Siege Tank  
  71  7:23  Marine  
  72  7:33  Marine  
  75  7:37  Marauder  
  75  7:38  SCV x2  
  75  7:41  Marine  
  75  7:44  Supply Depot  
  78  7:50  SCV x2, Missile Turret  
  78  7:51  Marine, Siege Tank  
  83  7:55  Missile Turret  
  83  7:57  Command Center  
  85  7:58  Marauder  
  85  7:59  Marine, Refinery  
  85  8:03  Refinery  
  86  8:08  Marine  
  87  8:14  Viking x2, Missile Turret  
  87  8:15  Missile Turret  
  87  8:17  Marine  
  87  8:19  Marine  
  93  8:24  Hellion  
  96  8:30  Barracks Reactor  
  95  8:34  Marine  
  95  8:35  SCV  
  95  8:37  Marauder  
  95  8:39  SCV  
  100  8:47  SCV  
  101  8:55  Supply Depot  
Show
View Real Time Build Order
Export as new Build Order

Sindyr Terran 

Build Orders:  

Get SALT Encoding   

  12  0:01  SCV  
  13  0:13  SCV  
  14  0:19  Supply Depot  
  14  0:25  SCV  
  15  0:40  SCV  
  16  0:44  Barracks  
  16  0:47  Refinery  
  16  0:52  SCV  
  17  1:04  SCV  
  18  1:17  SCV  
  19  1:35  Barracks Tech Lab  
  19  1:37  Command Center  
  19  1:42  Orbital Command  
  19  2:06  Supply Depot  
  19  2:11  SCV  
  19  2:12  Factory  
  20  2:16  Marine  
  21  2:24  SCV  
  21  2:28  Refinery  
  22  2:33  Marine  
  22  2:36  SCV  
  24  2:48  SCV  
  24  2:51  Orbital Command  
  25  2:58  Bunker  
  25  3:02  Starport  
  25  3:06  Factory Reactor  
  25  3:15  SCV  
  26  3:27  SCV  
  26  3:28  SCV  
  28  3:34  Supply Depot  
  28  3:38  Engineering Bay  
  28  3:39  SCV  
  28  3:40  SCV  
  30  3:46  Stimpack  
  30  3:49  Barracks  
  30  3:51  SCV  
  30  3:52  SCV, Factory Tech Lab  
  32  3:55  Barracks  
  32  3:58  Barracks  
  32  4:03  SCV  
  32  4:04  SCV  
  32  4:07  Barracks  
  32  4:08  Marine  
  28  4:26  Marine  
  25  4:35  Marine  
  25  4:38  Cyclone  
  28  4:44  Marine  
  28  4:48  Marine  
  29  4:53  Marine  
  28  5:01  Marine  
  28  5:06  Marine  
  27  5:09  Marine x2  
  27  5:11  Marine  
  27  5:14  SCV  
  29  5:16  SCV  
  27  5:26  SCV  
  25  5:38  Barracks Reactor  
  25  5:39  Barracks Reactor, Barracks Tech Lab x2  
  25  5:41  Barracks Reactor  
  23  5:50  Marine  
  24  6:05  Medivac x2  
  24  6:07  Marine  
  24  6:08  Marine  
  28  6:20  Marine x4  
  28  6:21  Marine  
  28  6:24  Marine  
  28  6:25  Marine x2  
  33  6:27  Orbital Command  
  34  6:43  Marine  
  35  6:52  Marine x4  
  35  6:53  Marine x3  
  41  6:55  Terran Infantry Weapons Level 1  
  41  6:59  SCV  
  41  7:01  Marine  
  38  7:10  Marine x2  
  37  7:29  Marine  
  38  7:30  Marine x7  
  45  7:38  Supply Depot  
  45  7:47  Marine  
  46  7:59  Marine, SCV x2  
  46  8:01  Supply Depot  
  46  8:04  Siege Tank  
  52  8:07  Medivac  
  52  8:09  Medivac  
  52  8:12  SCV x2  
  54  8:21  Sensor Tower  
  54  8:23  Marine x5  
  54  8:24  SCV x2, Marine  
  62  8:42  Supply Depot  
  62  8:43  Supply Depot  
Tags
 
Matchup
TvT
Race
Terran
Replay Pack
Multiplayer
Spawn Locations
Close Positions
Add a new tag
Caveats
  • Supply blocks, unpowered buildings, or Contaminate may cause inaccurate times.
  • Supply counts are checked every 10 seconds.